 Dungeon Crawl Stone Soup version 0.30-a0-738-g116ff8c4af (webtiles) character file.

Game seed: 4801660909671057384

41 IdlyInterested the Cudgeller (level 3, -1/28 HPs)
             Began as a Demonspawn Gladiator on Feb 3, 2023.
             Slain by a gnoll
             ... wielding a +0 flail of draining
              (10 damage)
             ... on level 2 of the Dungeon.
             The game lasted 00:03:33 (1146 turns).

IdlyInterested the Cudgeller (Demonspawn Gladiator) Turns: 1146, Time: 00:03:34

Health: -1/28      AC:  5    Str: 16    XL:     3   Next: 32%
Magic:  3/3        EV: 12    Int:  9    God:
Gold:   54         SH:  0    Dex: 14    Spells: 2/2 levels left

rFire   . . .      SeeInvis .    a - +0 flail
rCold   . . .      Faith    .    (no shield)
rNeg    . . .      Spirit   .    b - +0 leather armour
rPois   .          Reflect  .    c - +2 hat
rElec   .          Harm     .    (no cloak)
rCorr   .          Rampage  .    (no gloves)
Will    .....                    (no boots)
Stlth   +                        (no amulet)
HPRegen 0.24/turn                (no ring)
MPRegen 0.08/turn                (no ring)

@: attractive
A: horns 1, ignite blood 1
a: no special abilities


You were on level 2 of the Dungeon.
You visited 1 branch of the dungeon, and saw 2 of its levels.

You collected 54 gold pieces.

Inventory:

Hand Weapons
 a - a +0 flail (weapon)
Missiles
 d - 3 throwing nets
 e - a javelin
 k - 6 stones (quivered)
Armour
 b - a +0 leather armour (worn)
 c - a +2 hat (worn)
 s - a +0 ring mail
Magical Staves
 n - a staff of conjuration
Jewellery
 r - a ring of fire
Scrolls
 g - a scroll of fear {unknown}
 h - 2 scrolls of noise {unknown}
 i - a scroll of immolation {unknown}
 j - a scroll of identify {unknown}
 l - a scroll of enchant armour {unknown}
 o - a scroll of vulnerability {unknown}
 p - a scroll of blinking {unknown}
Potions
 m - a potion of flight {unknown}
 q - a potion of degeneration {unknown}


   Skills:
 + Level 2.5 Fighting
 * Level 3.4 Maces & Flails
 + Level 1.9 Throwing
 - Level 3.0 Dodging


You had 2 spell levels left.
You didn't know any spells.
Your spell library was empty.

Dungeon Overview and Level Annotations

Branches:
Dungeon (2/15)

Altars:


Innate Abilities, Weirdness & Mutations

You have a pair of small horns on your head.
Your demonic aura sometimes causes spilled blood to erupt in flames.


Message History

Found a dagger.
Found a scroll labelled BUASCH OMUKAO.
The adder hisses angrily.
You hit the gnoll.
The gnoll is moderately wounded.
The gnoll hits you with a +0 club.
You barely miss the gnoll.
The gnoll is moderately wounded.
The gnoll barely misses you.
You hit the gnoll but do no damage.
The gnoll is moderately wounded.
The gnoll barely misses you. The gnoll closely misses you.
You completely miss the gnoll.
The gnoll is moderately wounded.
The gnoll closely misses you. The adder bites you but does no damage.
You barely miss the adder.
The gnoll shouts!
The adder bites you but does no damage. The gnoll hits you with a +0 club.
The adder barely misses you.
A ball python comes into view.
The ball python hisses angrily.
You hit the adder.
The adder is lightly wounded.
The gnoll closely misses you. The adder bites you but does no damage.
The gnoll hits you with a +0 club.
You barely miss the adder. Your headbutt misses the adder.
The adder is lightly wounded.
The adder closely misses you. The adder barely misses you.
The gnoll hits you with a +0 club.
An adder comes into view.
The adder hisses angrily.
You hit the adder.
The adder is moderately wounded.
The adder barely misses you. The gnoll hits you with a +0 club.
* * * LOW HITPOINT WARNING * * *
The adder closely misses you.
It was a potion of attraction.
You feel attractive to monsters.
The gnoll hits you with a +0 flail of draining!
You die...

....# ....# #####
.?..# ..... .
....#..... ..#
.....#..... #...
#..?....#.####
#...)####g......#.#.[
#......#@S......#.#.#
#. #g##......#†#.#
#.. ###g.#..........#
#...#....##.........#
#.....)⌠).......<...#
#...##..g.#.........#
... #..###.........#
#....##.#...........#
........(...........#


You could see 3 gnolls and an adder.

Vanquished Creatures
  A dart slug (D:1)
  5 ball pythons
  5 endoplasms (D:1)
  3 goblins (D:1)
  3 hobgoblins (D:1)
  4 jackals (D:2)
  2 quokkas
  3 bats
  A frilled lizard (D:1)
  4 kobolds (D:1)
  3 rats
34 creatures vanquished.

Notes
Turn   | Place    | Note
-------+----------+-------------------------------------------
     0 | D:1      | IdlyInterested the Demonspawn Gladiator began the quest for
                  | the Orb.
     0 | D:1      | Reached XP level 1. HP: 16/16 MP: 1/1
   262 | D:1      | Found a faded altar of an unknown god.
   289 | D:1      | Gained mutation: Your demonic aura sometimes causes spilled
                  | blood to erupt in flames. [demonic ancestry]
   289 | D:1      | Reached XP level 2. HP: 22/22 MP: 2/2
   947 | D:1      | Gained mutation: You have a pair of small horns on your
                  | head. [demonic ancestry]
   947 | D:1      | Reached XP level 3. HP: 25/28 MP: 3/3
  1146 | D:2      | Slain by a gnoll

Illustrated notes

Levels and vault maps discovered:
D:1:      nagdon_arrival_zigzag_paths, layout_basic,
          shapermc_ecumenical_altar_notcrosses
D:2:      layout_basic, chequers_serial_rivers_room_b, minmay_pentomino_z4

Skill      XL: |  1  2 |
---------------+-------+-----
Maces & Flails | 3 |  3.4
Dodging        | 3 |  3.0
Fighting       | |  2.5
Throwing       | |  1.9

Action                     || total
---------------------------++-------
  Melee: Flail             ||    98
         Headbutt          ||     2
         Punch             ||     1
    Use: Potion            ||     1
   Stab: Sleeping          ||     2
 Armour: Leather armour    ||    36
  Dodge: Dodged            ||    83

Table legend: (Time is in decaauts)
 A = Elapsed time spent in this place.
 B = Non-inter-level travel time spent in this place.
 C = Inter-level travel time spent in this place.
 D = Time resting spent in this place.
 E = Time spent auto-exploring this place.
 F = Levels seen in this place.
 G = Mean time per level.
                   A        B        C        D        E       F      G
               +--------+--------+--------+--------+--------+-----+--------+
         Total |   1169 |   1166 |      3 |     81 |    779 |   2 |  584.5 |
       Dungeon |   1169 |   1166 |      3 |     81 |    779 |   2 |  584.5 |
               +--------+--------+--------+--------+--------+-----+--------+

Top non-repeatable levels by time:
     D:1: 1093 daAuts
     D:2: 76 daAuts
